 Dungeon Crawl Stone Soup version 0.22.1-2-g9c5b331 (webtiles) character file.

21314 HoaS the Fighter (level 12, -5/85 HPs)
             Began as a Gargoyle Berserker on Dec 25, 2018.
             Was a High Priest of Trog.
             Slain by a seven-headed hydra (6 damage)
             ... on level 3 of the Lair of Beasts.
             The game lasted 00:43:42 (14793 turns).

HoaS the Fighter (Gargoyle Berserker)              Turns: 14793, Time: 00:43:43

Health: -5/85      AC: 31    Str: 24    XL:     12   Next: 88%
Magic:  12/12      EV: 11    Int:  9    God:    Trog [*****.]
Gold:   748        SH:  0    Dex: 13    Spells: 11/11 levels left

rFire    . . .     SeeInvis +     - Unarmed
rCold    . . .     Gourm    .   (no shield)
rNeg     + . .     Faith    .   C - +5 ring mail
rPois    ∞         Spirit   .   c - +0 hat
rElec    +         Reflect  .   E - +2 cloak
rCorr    .         Harm     .   x - +2 pair of gloves {Str+3}
MR       +++..                  g - +2 pair of boots
Stlth    +.........             D - amulet of the acrobat
HPRegen  1.24/turn              y - ring of protection from magic
MPRegen  0.13/turn              B - ring of see invisible

@: regenerating, very slow
A: negative energy resistance 1, electricity resistance, unbreathing,
petrification resistance, rot immunity, AC +8
a: Berserk, Trog's Hand, Brothers in Arms, Renounce Religion


You were on level 3 of the Lair of Beasts.
You worshipped Trog.
Trog was extremely pleased with you.
You were hungry.

You visited 2 branches of the dungeon, and saw 15 of its levels.
You also visited: Sewer.

You collected 1037 gold pieces.
You spent 289 gold pieces at shops.

Inventory:

Armour
 c - a +0 hat (worn)
 g - a +2 pair of boots (worn)
 x - a +2 pair of gloves of strength (worn)
 C - a +5 ring mail (worn)
 E - a +2 cloak (worn)
Jewellery
 y - a ring of protection from magic (left hand)
 B - a ring of see invisible (right hand)
 D - an amulet of the acrobat (around neck)
 O - the ring of Edwy {rCorr rF+++ Int+3, unknown}
   (You found it on level 2 of the Lair of Beasts)

   [ring of resist corrosion]

   It affects your intelligence (+3).
   It renders you almost immune to fire.
Wands
 a - a wand of random effects (35)
 w - a wand of flame (69)
 A - a wand of iceblast (6)
 J - a wand of clouds (7)
Scrolls
 j - 7 scrolls of blinking
 k - 4 scrolls of teleportation
 l - 2 scrolls of fog
 n - 8 scrolls of magic mapping
 p - a scroll of enchant weapon
 t - 5 scrolls of remove curse
 G - a scroll of identify
 I - 2 scrolls of enchant armour
 M - a scroll of fear
Potions
 d - 2 potions of cancellation {unknown}
 e - 2 potions of lignification
 f - a potion of haste {unknown}
 h - a potion of invisibility {unknown}
 i - a potion of berserk rage {unknown}
 o - a potion of magic {unknown}
 q - 5 potions of heal wounds
 r - 4 potions of might
 s - 6 potions of curing
 u - 3 potions of brilliance
 v - a potion of agility {unknown}
 z - 3 potions of flight
 F - a potion of mutation {unknown}
 H - a potion of ambrosia {unknown}
 K - a potion of degeneration {unknown}
Comestibles
 b - 20 rations


   Skills:
 * Level 14.1 Fighting
 + Level 10.4 Armour
 - Level 1.5 Dodging
 * Level 13.6 Unarmed Combat


You had 11 spell levels left.
You didn't know any spells.
Your spell library was empty.

Dungeon Overview and Level Annotations

Branches:
Dungeon (12/15)            Temple (0/1) D:7            Lair (3/6) D:10
  Swamp (0/4) Lair:2        Snake (0/4) Lair:3          Orc (0/2) D:11

Altars:
Ashenzari
Elyvilon
Nemelex Xobeh
Qazlal

Shops:
D:4 *   D:7 (   D:12 *[**[

Annotations:
Lair:2 exclusion: 2 oklob plants


Innate Abilities, Weirdness & Mutations

You are resistant to torment.
Your stone body is resilient. (AC +8)
You are immune to poison.
You resist negative energy. (rN+)
You are resistant to electric shocks. (rElec)
You can survive without breathing.
You are immune to petrification.
You are immune to rotting.


Message History

The seven-headed hydra closely misses you.
The seven-headed hydra bites you but does no damage.
The seven-headed hydra bites you.
* * * LOW HITPOINT WARNING * * *
The seven-headed hydra bites you but does no damage. x2
Your unstable footing causes you to fumble your attack.
The seven-headed hydra barely misses you. x2
The seven-headed hydra bites you but does no damage. x3
The seven-headed hydra bites you.
* * * LOW HITPOINT WARNING * * *
The seven-headed hydra bites you but does no damage.
You punch the seven-headed hydra!
The seven-headed hydra is moderately wounded.
The seven-headed hydra bites you!
* * * LOW HITPOINT WARNING * * *
The seven-headed hydra bites you but does no damage. x2
The seven-headed hydra bites you.
* * * LOW HITPOINT WARNING * * *
The seven-headed hydra bites you.
You die...

..............
..............
.............. .
.............
#.###.............
..................
......D..P........
.....≈≈@)≈........
...≈≈≈≈≈≈≈≈..!....
..≈≈≈≈..P≈≈≈...>..
..≈≈≈.≈...≈≈≈.....
..≈≈....≈..≈≈.....
..≈≈≈≈.>.≈.≈≈.....
##≈≈..≈....≈≈...##
#≈≈≈≈.≈..≈≈≈....#
##.≈≈≈..P≈≈≈≈.....


You could see a seven-headed hydra.

Vanquished Creatures
  A centaur warrior (D:12)
  Erica (D:9)
  5 two-headed ogres
  Sonja (Lair:2)
  A deep elf mage (D:11)
  4 black mambas
  A guardian serpent (D:11)
  3 centaur zombies (D:12)
  A gargoyle (D:10)
  3 spiny frogs
  3 komodo dragons
  3 trolls
  2 hornets
  4 blink frogs
  A hippogriff (D:9)
  Eustachio (D:5)
  3 wyverns
  4 yaks (D:12)
  2 hungry ghosts (D:11)
  2 swamp worms (Lair:2)
  A soldier ant (D:11)
  2 nagas (Lair:3)
  5 water moccasins
  2 porcupines (Lair:1)
  4 ice beasts
  8 orc warriors
  2 sky beasts (D:12)
  7 ogres
  5 wolves (Lair:1)
  7 crocodiles
  8 centaurs
  3 big kobolds
  7 bullfrogs
  A water moccasin zombie (D:11)
  2 scorpions
  2 water moccasin skeletons
  13 wights
  A vampire bat (D:5)
  2 electric eels (Lair:1)
  A howler monkey (D:6)
  6 crimson imps
  2 centaur skeletons
  3 bullfrog zombies
  5 hounds
  2 jellies
  17 orc priests
  A gnoll shaman (D:5)
  A bullfrog skeleton (D:11)
  3 iguanas
  Natasha (D:2)
  10 orc wizards
  5 worker ants
  A killer bee zombie (D:9)
  A worker ant zombie (D:5)
  7 gnolls
  A howler monkey zombie (D:5)
  13 adders
  A howler monkey skeleton (D:9)
  8 river rats
  A shadow imp (D:10)
  An ooze (Sewer)
  An adder zombie (D:5)
  An adder skeleton (D:6)
  2 worms
  2 dart slugs
  8 leopard geckos
  49 orcs
  15 bats
  10 giant cockroaches
  9 goblins
  9 hobgoblins
  13 jackals
  5 quokkas
  7 ball pythons
  6 frilled lizards
  2 jackal zombies
  32 kobolds
  A leopard gecko skeleton (D:7)
  A quokka skeleton (D:6)
  27 rats
419 creatures vanquished.

Vanquished Creatures (others)
  Natasha (D:2)
  A fungus (Lair:2)
  8 plants
10 creatures vanquished.

Grand Total: 429 creatures vanquished

Notes
Turn   | Place    | Note
-------+----------+-------------------------------------------
     0 | D:1      | HoaS the Gargoyle Berserker began the quest for the Orb.
     0 | D:1      | Reached XP level 1. HP: 14/14 MP: 1/1
   119 | D:1      | Reached XP level 2. HP: 15/19 MP: 2/2
   638 | D:1      | Reached XP level 3. HP: 22/23 MP: 3/3
   763 | D:1      | Reached ** piety under Trog
  1471 | D:2      | Found a white marble altar of Elyvilon.
  1854 | D:2      | Noticed Natasha
  1865 | D:2      | Killed Natasha
  1865 | D:2      | Reached XP level 4. HP: 12/28 MP: 4/4
  2210 | D:2      | Noticed Natasha
  2218 | D:2      | Killed Natasha
  2218 | D:2      | Reached skill level 5 in Unarmed Combat
  2804 | D:3      | Reached *** piety under Trog
  2908 | D:4      | Reached XP level 5. HP: 31/33 MP: 5/5
  3050 | D:4      | Found a glowing drain.
  3060 | Sewer    | Entered a sewer
  3146 | Sewer    | Reached skill level 4 in Fighting
  3436 | Sewer    | Reached XP level 6. HP: 33/38 MP: 6/6
  3498 | Sewer    | Reached **** piety under Trog
  4029 | D:4      | Found a shattered altar of Ashenzari.
  4046 | D:4      | Reached skill level 5 in Fighting
  4062 | D:4      | Reached XP level 7. HP: 44/44 MP: 7/7
  4117 | D:4      | Found Ycuthy's General Store.
  4706 | D:4      | Found a stormy altar of Qazlal.
  4710 | D:4      | Noticed a fire elemental
  4710 | D:4      | Noticed an air elemental
  4710 | D:4      | Noticed a water elemental
  4829 | D:5      | Entered Level 5 of the Dungeon
  5006 | D:5      | Reached ***** piety under Trog
  5030 | D:5      | Reached skill level 6 in Fighting
  5087 | D:5      | Noticed Eustachio
  5137 | D:5      | Killed Eustachio
  5137 | D:5      | Reached XP level 8. HP: 48/52 MP: 8/8
  5495 | D:5      | Reached skill level 7 in Fighting
  5743 | D:6      | Reached skill level 5 in Armour
  6165 | D:6      | Reached XP level 9. HP: 55/59 MP: 9/9
  6245 | D:6      | Reached skill level 8 in Fighting
  6509 | D:7      | Got a warped leather armour
  6520 | D:7      | Identified the +1 leather armour of Conscience {rN++} (You
                  | found it on level 7 of the Dungeon)
  6933 | D:7      | Found Yhe Qitt's Antique Weapon Shop.
  7211 | D:7      | Found a staircase to the Ecumenical Temple.
  7630 | D:8      | Reached skill level 9 in Fighting
  7640 | D:8      | Found a sparkling altar of Nemelex Xobeh.
  7939 | D:8      | Reached XP level 10. HP: 55/67 MP: 10/10
  8008 | D:8      | Noticed a two-headed ogre
  8013 | D:8      | Killed a two-headed ogre
  8013 | D:8      | Reached skill level 10 in Fighting
  8013 | D:8      | Reached skill level 10 in Unarmed Combat
  8022 | D:8      | Received a gift from Trog
  8793 | D:9      | Noticed Erica
  8804 | D:9      | Killed Erica
  9415 | D:10     | Entered Level 10 of the Dungeon
  9443 | D:10     | Identified a scroll of acquirement
  9484 | D:10     | Reached skill level 11 in Fighting
  9594 | D:10     | Noticed a gargoyle
  9603 | D:10     | Killed a gargoyle
  9842 | D:10     | Reached XP level 11. HP: 62/74 MP: 11/11
 10002 | D:10     | Found a staircase to the Lair.
 10217 | D:11     | Noticed a two-headed ogre
 10230 | D:11     | Killed a two-headed ogre
 10267 | D:11     | Noticed a two-headed ogre
 10279 | D:11     | Killed a two-headed ogre
 10295 | D:11     | Received a gift from Trog
 10315 | D:11     | Found a staircase to the Orcish Mines.
 10714 | D:11     | Reached skill level 12 in Fighting
 11305 | D:12     | Noticed a two-headed ogre
 11308 | D:12     | Found Wuocwyi's Antique Armour Emporium.
 11316 | D:12     | Killed a two-headed ogre
 11324 | D:12     | Bought a pair of runed gloves for 202 gold pieces
 11332 | D:12     | Noticed a two-headed ogre
 11338 | D:12     | Noticed a deep elf mage
 11377 | D:11     | Killed a two-headed ogre
 11534 | D:11     | Killed a deep elf mage
 11676 | D:12     | Reached XP level 12. HP: 73/82 MP: 12/12
 11704 | D:12     | Found Has Adyo's Assorted Antiques.
 11746 | D:12     | Reached skill level 13 in Fighting
 11756 | D:12     | Found Hiryotuf's Assorted Antiques.
 11761 | D:12     | Noticed a centaur warrior
 11774 | D:12     | Killed a centaur warrior
 11828 | D:12     | Received a gift from Trog
 11834 | D:12     | Bought a potion of curing for 87 gold pieces
 11893 | D:12     | Found Huquff Hopn's General Store.
 12014 | D:12     | Found Yris's Antique Armour Emporium.
 12133 | Lair:1   | Entered Level 1 of the Lair of Beasts
 13620 | Lair:1   | Reached skill level 10 in Armour
 14005 | Lair:2   | Got a pitted pewter ring
 14094 | Lair:2   | Found a shattered altar of Ashenzari.
 14110 | Lair:2   | Noticed Sonja
 14270 | Lair:2   | Found a staircase to the Swamp.
 14449 | Lair:2   | Reached skill level 14 in Fighting
 14683 | Lair:2   | Killed Sonja
 14763 | Lair:3   | Found a staircase to the Snake Pit.
 14776 | Lair:3   | Noticed a seven-headed hydra
 14793 | Lair:3   | HP: 4/85 [seven-headed hydra (10)]
 14793 | Lair:3   | HP: 1/85 [seven-headed hydra (3)]
 14793 | Lair:3   | Slain by a seven-headed hydra

Skill      XL: |  1  2  3  4  5  6  7  8  9 10 11 12 |
---------------+-------------------------------------+-----
Unarmed Combat | 4 5 6 7 8 9 11 12 13 | 13.6
Fighting       | 4 5 6 7 9 11 12 14 | 14.1
Armour         | 3 4 5 6 8 9 10 | 10.4
Dodging        | |  1.5

Action                   |  1- 3 |  4- 6 |  7- 9 | 10-12 || total
-------------------------+-------+-------+-------+-------++-------
Melee: Unarmed           |   175 |   296 |   529 |   799 ||  1799
       Punch             |       |     7 |    11 |    53 ||    71
Invok: Berserk           |       |     1 |     1 |     2 ||     4
       Trog's Hand       |       |       |     3 |     5 ||     8
Evoke: Wand              |       |       |       |    14 ||    14
  Use: Scroll            |     7 |     5 |     6 |     9 ||    27
 Stab: Sleeping          |     1 |       |       |       ||     1
  Eat: Chunk             |     3 |     8 |    15 |    22 ||    48
       Ration            |       |       |       |     2 ||     2
Armor: Animal skin       |    62 |     3 |       |       ||    65
       Leather armour    |       |   144 |    24 |       ||   168
       Chain mail        |       |       |   319 |       ||   319
       Ring mail         |       |       |    59 |   468 ||   527
Dodge: Dodged            |   125 |   200 |   306 |   463 ||  1094
